 Dungeon Crawl Stone Soup version 0.28.0-45-g0d030f2227 (webtiles) character file.

Game seed: 1148555103254606648

814 Mitsuki the Bolt Thrower (level 7, 0/48 HPs)
             Began as a Barachi Arcane Marksman on Apr 4, 2022.
             Slain by an orc warrior
             ... wielding a +0 short sword
              (8 damage)
             ... on level 5 of the Dungeon.
             The game lasted 00:12:30 (4638 turns).

Mitsuki the Bolt Thrower (Barachi Arcane Marksman)  Turns: 4638, Time: 00:12:31

Health: 0/48       AC:  2    Str: 12    XL:     7   Next: 93%
Magic:  11/11      EV: 12    Int: 15    God:
Gold:   289        SH:  0    Dex: 12    Spells: 10/11 levels left

rFire   . . .      SeeInvis .   a - +0 hand crossbow
rCold   . . .      Faith    .   (no shield)
rNeg    . . .      Spirit   .   d - +0 robe
rPois   .          Reflect  .   (no helmet)
rElec   .          Harm     .   (no cloak)
rCorr   .          Rampage  .   (no gloves)
Will    +....                   (no boots)
Stlth   +.........              (no amulet)
HPRegen 0.16/turn               f - ring of willpower
MPRegen 0.12/turn               (no ring)

@: unable to hop, slow
A: amphibious, slowness 1, strong legs 1, +LOS
a: Hop


You were on level 5 of the Dungeon.
You visited 1 branch of the dungeon, and saw 5 of its levels.

You collected 289 gold pieces.

Inventory:

Hand Weapons
 a - a +0 hand crossbow (weapon)
 b - a +2 whip of pain
Missiles
 c - 38 bolts (quivered ammo)
 q - a curare-tipped dart
Armour
 d - a +0 robe (worn)
Jewellery
 f - a ring of willpower (left hand)
 s - a ring of resist corrosion
Wands
 o - a wand of flame (29)
Scrolls
 e - 2 scrolls of fear {unknown}
 h - 4 scrolls of amnesia {unknown}
 l - a scroll of enchant armour {unknown}
 n - a scroll of magic mapping {unknown}
 r - a scroll of teleportation {unknown}
 v - a scroll of immolation {unknown}
 w - a scroll of blinking {unknown}
Potions
 g - a potion of mutation {unknown}
 i - 2 potions of curing {unknown}
 j - a potion of degeneration {unknown}
 k - 2 potions of brilliance {unknown}
 m - a potion of flight {unknown}
 p - a potion of magic {unknown}
 t - 2 potions of lignification {unknown}
 u - a potion of attraction {unknown}


   Skills:
 - Level 1.2 Fighting
 * Level 6.7 Crossbows
 - Level 2.1 Dodging
 - Level 2.9 Spellcasting
 + Level 6.3 Hexes


You had 10 spell levels left.
You knew the following spells:

 Your Spells              Type           Power      Damage    Failure   Level
a - Slow                  Hex            84%        N/A       1%          1

Your spell library contained the following spells:

 Spells                   Type           Power      Damage    Failure   Level
 Cause Fear               Hex            10%        N/A       16%         4
 Inner Flame              Hex/Fire       11%        N/A       17%         3
 Portal Projectile        Hex/Tloc       22%        N/A       17%         3
 Apportation              Tloc           4%         N/A       21%         1
 Conjure Flame            Conj/Fire      2%         6-21      52%         3
 Ignite Poison            Fire/Tmut/Pois 2%         N/A       52%         3
 Sticky Flame             Conj/Fire      2%         2d3       90%         4
 Alistair's Intoxication  Tmut/Pois      1%         N/A       99%         5


Dungeon Overview and Level Annotations

Branches:
Dungeon (5/15)
 Temple: D:4-7

Altars:
Fedhas
Ru
Trog

Shops:
D:3 [

Annotations:
D:5 2 transporters, kalagan's ghost, novice DECj


Innate Abilities, Weirdness & Mutations

You are amphibious.
You cover ground slowly.
You can hop short distances.
You have an extended range of vision and can be seen from far away.


Message History

The orc warrior misses you.
You take 7 damage, and have 28/48 hp.
Fire: 43 bolts
Press: ? - help, Q - select action, (/) - cycle Shift-Dir - straight line, f/p - orc warrior
Aim: an orc warrior, wielding a +0 short sword and wearing a +0 plate armour (moderately wounded, 64% to hit)
You shoot a bolt. The bolt hits the orc warrior!
The orc warrior is heavily wounded.
The orc warrior barely misses you.
Fire: 42 bolts
Press: ? - help, Q - select action, (/) - cycle Shift-Dir - straight line, f/p - orc warrior
Aim: an orc warrior, wielding a +0 short sword and wearing a +0 plate armour (heavily wounded, 64% to hit)
You shoot a bolt.
The bolt hits the orc warrior but does no damage.
The orc warrior is heavily wounded.
The orc warrior hits you with a +0 short sword!!
* * * LOW HITPOINT WARNING * * *
You take 19 damage, and have 9/48 hp.
MASSIVE DAMAGE!!
Fire: 41 bolts
Press: ? - help, Q - select action, (/) - cycle Shift-Dir - straight line, f/p - orc warrior
Aim: an orc warrior, wielding a +0 short sword and wearing a +0 plate armour (heavily wounded, 64% to hit)
You shoot a bolt.
The bolt hits the orc warrior but does no damage.
The orc warrior is heavily wounded.
The orc warrior hits you with a +0 short sword.
* * * LOW HITPOINT WARNING * * *
You take 2 damage, and have 7/48 hp.
Fire: 40 bolts
Press: ? - help, Q - select action, (/) - cycle Shift-Dir - straight line, f/p - orc warrior
Aim: an orc warrior, wielding a +0 short sword and wearing a +0 plate armour (heavily wounded, 64% to hit)
You shoot a bolt. The bolt barely misses the orc warrior.
The bolt closely misses the orc wizard.
The orc warrior closely misses you.
Fire: 39 bolts
Press: ? - help, Q - select action, (/) - cycle Shift-Dir - straight line, f/p - orc warrior
Aim: an orc warrior, wielding a +0 short sword and wearing a +0 plate armour (heavily wounded, 64% to hit)
You shoot a bolt.
The bolt hits the orc warrior but does no damage.
The orc warrior is heavily wounded.
The orc warrior hits you with a +0 short sword!
You die...

#.##..#...#####.##.########.#
.....)#.....................#
.©...[#©..###################
.....!#...######## ###
#.##..#........... ..#
#.##.8#..######### #.# .....##..#
#...oo# #.# ######...# #o# #.#
.........## #@###.####
............# #...<....# #######
###########...######.##.###......
### #.##.##<#.#.## #.##....[.#.##
#.####........ #......#...###
############


You could see an orc warrior, an orc wizard and an orc.

Vanquished Creatures
  2 black bears (D:5)
  An ogre (D:5)
  A kobold brigand (D:4)
  3 water moccasin skeletons
  3 hounds
  A bullfrog skeleton (D:4)
  2 jellies
  An iguana (D:2)
  Terence (D:2)
  A hound skeleton (D:5)
  3 gnolls (D:2)
  2 adders (D:5)
  A worm (D:2)
  A dart slug (D:1)
  An orc (D:3)
  5 endoplasms
  3 giant cockroaches
  2 goblins (D:2)
  7 hobgoblins
  8 kobolds
  A quokka (D:5)
  8 ball pythons
  7 bats
  3 frilled lizards
  5 rats
73 creatures vanquished.

Notes
Turn   | Place    | Note
-------+----------+-------------------------------------------
     0 | D:1      | Mitsuki the Barachi Arcane Marksman began the quest for the
                  | Orb.
     0 | D:1      | Reached XP level 1. HP: 15/15 MP: 2/2
   103 | D:1      | Reached XP level 2. HP: 21/21 MP: 4/4
   120 | D:1      | You fall into a shaft and drop 1 floor!
   877 | D:2      | Reached XP level 3. HP: 25/26 MP: 5/5
  1025 | D:2      | Reached XP level 4. HP: 5/32 MP: 5/7
  1332 | D:2      | Noticed Terence
  1335 | D:2      | Killed Terence
  1336 | D:2      | Found a sacrificial altar of Ru.
  1522 | D:2      | Reached XP level 5. HP: 37/37 MP: 6/9
  2094 | D:3      | Found Butwip's Antique Armour Shoppe.
  2628 | D:3      | Found a blossoming altar of Fedhas.
  2832 | D:4      | Reached XP level 6. HP: 16/43 MP: 10/10
  3093 | D:4      | Reached skill level 5 in Hexes
  3556 | D:4      | Found a bloodstained altar of Trog.
  3604 | D:4      | Reached skill level 5 in Crossbows
  3813 | D:5      | Entered Level 5 of the Dungeon
  3830 | D:5      | Reached XP level 7. HP: 48/48 MP: 11/11
  4369 | D:5      | Found a transporter.
  4369 | D:5      | Noticed kalagan's ghost (novice DECj)
  4370 | D:5      | Found a transporter.
  4638 | D:5      | Slain by an orc warrior

Illustrated notes

Levels and vault maps discovered:
D:1:      dpeg_arrival_rooms_c, layout_loops_ring
D:2:      layout_basic, basic_altar, grunt_decor_mini_mirrors,
          hangedman_decor_growths, minmay_misc_feat_enclosed,
          minmay_misc_feat_cross, uniq_terence
D:3:      layout_loops_ring, marbit_many_paths, serial_shops, shop
D:4:      layout_rooms, mainiacjoe_overflow_six_doors_small, st_stairs_7
D:5:      layout_loops_ring, gammafunk_ghost_arena

Skill      XL: |  1  2  3  4  5  6  7 |
---------------+----------------------+-----
Spellcasting   | 2 |  2.9
Hexes          | 4 5 6 |  6.3
Crossbows      | 3 4 5 6 |  6.7
Fighting       | |  1.2
Dodging        | |  2.1

Action                   |  1- 3 |  4- 6 |  7- 9 || total
-------------------------+-------+-------+-------++-------
Melee: Whip              |       |     5 |       ||     5
       Punch             |       |     1 |       ||     1
 Fire: Hand crossbow     |    59 |   126 |    49 ||   234
 Cast: Slow              |     8 |     5 |     4 ||    17
 Abil: Hop               |     1 |     2 |     2 ||     5
Armor: Robe              |     1 |    11 |     4 ||    16
Dodge: Dodged            |    15 |    25 |    17 ||    57
